 Dungeon Crawl Stone Soup version 0.30-a0-358-g0d69a1922f (webtiles) character file.

Game seed: 11067034038763445265

690 Maxmaps the Shield-Bearer (level 7, -6/70 HPs)
             Began as an Ogre Monk on Nov 8, 2022.
             Was a Believer of the Shining One.
             Mangled by a gnoll
             ... wielding a +0 club
             ... led by a gnoll bouda
              (7 damage)
             ... on level 5 of the Dungeon.
             The game lasted 00:07:25 (4762 turns).

Maxmaps the Shield-Bearer (Ogre Monk)               Turns: 4762, Time: 00:07:26

Health: -6/70      AC:  7    Str: 13 (16) XL:     7   Next: 63%
Magic:  6/6        EV:  9    Int: 12 (13) God:    the Shining One [**....]
Gold:   146        SH:  8    Dex: 10 (11) Spells: 6/6 levels left

rFire   . . .      SeeInvis +    t - +0 flail
rCold   . . .      Faith    .    m - +0 kite shield
rNeg    + . .      Spirit   .    b - +0 robe
rPois   .          Reflect  .    (helmet restricted)
rElec   .          Harm     .    e - scarf {repulsion}
rCorr   .          Rampage  .    (gloves unavailable)
Will    .....                    (boots unavailable)
Stlth   +.........               (no amulet)
HPRegen 0.31/turn                k - +4 ring of protection
MPRegen 0.10/turn                (no ring)

@: flying, glowing, repel missiles
A: large, unfitting armour, tough skin 1, see invisible, deterioration 1, low MP
1, no potion heal 1
a: Renounce Religion, Divine Shield


You were on level 5 of the Dungeon.
You worshipped the Shining One.
The Shining One was pleased with you.
You visited 1 branch of the dungeon, and saw 5 of its levels.

You collected 185 gold pieces.
You spent 39 gold pieces at shops.

Inventory:

Hand Weapons
 a - a +0 mace
 g - a +2 trident of flaming
 t - a +0 flail (weapon)
Missiles
 u - a throwing net (quivered)
Armour
 b - a +0 robe (worn)
 e - a scarf of repulsion (worn)
 m - a +0 kite shield (worn)
Jewellery
 k - a +4 ring of protection (left hand)
Wands
 s - a wand of iceblast (7)
Scrolls
 f - 3 scrolls of immolation
 h - a scroll of silence {unknown}
 i - 2 scrolls of teleportation
 j - 2 scrolls of identify
 n - a scroll of fog {unknown}
 o - a scroll of noise {unknown}
 p - a scroll of amnesia {unknown}
 q - a scroll of poison {unknown}
 r - a scroll of blinking {unknown}


   Skills:
 - Level 4.0 Fighting
 + Level 5.4 Maces & Flails
 - Level 2.6 Dodging
 - Level 1.4 Stealth
 - Level 6.1 Shields


You had 6 spell levels left.
You didn't know any spells.
Your spell library contained the following spells:

 Spells                   Type           Power      Damage    Failure   Level
 Summon Small Mammal      Summ           0%         N/A       56%         1
 Call Canine Familiar     Summ           0%         N/A       91%         3
 Summon Guardian Golem    Hex/Summ       0%         N/A       91%         3


Dungeon Overview and Level Annotations

Branches:
Dungeon (5/15)
 Temple: D:4-7

Altars:
Zin
The Shining One

Shops:
D:2 [*=:!


Innate Abilities, Weirdness & Mutations

You are too large for most types of armour.
You have tough skin. (AC +1)
You have supernaturally acute eyesight. (SInv)
Your body sometimes deteriorates upon taking damage.
Your magical capacity is low. (-10% MP)
Potions are less effective at restoring your health.


Message History

* * * LOW HITPOINT WARNING * * *
The orc closely misses you. The gnoll hits you with a +0 club.
* * * LOW HITPOINT WARNING * * *
You hit the gnoll.
The gnoll is heavily wounded.
The gnoll hits you from afar with a +0 spear.
* * * LOW HITPOINT WARNING * * *
The orc hits you with a +0 short sword.
* * * LOW HITPOINT WARNING * * *
An orc priest comes into view. It is wielding a +0 hand axe.
The gnoll closely misses you.
You bump into the rock wall.
The gnoll hits you but does no damage.
The gnoll hits you from afar with a +0 spear.
* * * LOW HITPOINT WARNING * * *
The orc closely misses you. The gnoll misses you.
You sock the orc!
You kill the orc!
The gnoll hits you from afar with a +0 spear.
* * * LOW HITPOINT WARNING * * *
The gnoll hits you but does no damage. The gnoll barely misses you.
The gnoll closely misses you. The gnoll barely misses you.
The gnoll hits you with a +0 club. The Shining One protects you from harm!
It was a potion of degeneration.
There was something very wrong with that liquid.
You feel weakened.
You feel dopey.
You feel clumsy.
You feel less invigorated.
You feel less confused. You block the orc priest's attack.
The gnoll barely misses you.
The gnoll hits you from afar with a +0 spear.
* * * LOW HITPOINT WARNING * * *
The gnoll closely misses you.
It was a potion of flight.
You feel very buoyant.
You fly up into the air.
The gnoll hits you from afar with a +0 spear.
* * * LOW HITPOINT WARNING * * *
You block the orc priest's attack. You block the gnoll's attack.
The gnoll hits you with a +0 club!
You die...

*,,,,,,,,,..........>...#
,,,,,,,,,,,#.....)......#
**,,,,,,,,,***#.#†....#**
,**,,,,[,,,* #.#.....#
,,***,,.,,** #.#.....#
*,,*#,,#.** ##.Y..####
**,,,.##.*####.gg###
****,,...##....#g#
,,,,,,*#..#.####@#
,***#.##..#.# ##o##
,,,*#.......###...#
,,,*#..####.......#
,,,**,,####.##....####
,,,,,,,#.............#
,,,,*,,#.#.####...##.#
,,,,*,..,..* #...#*,***
,,,,,..,..#* ##...##...*


You could see an ice beast, an orc priest and 3 gnolls.

Vanquished Creatures
  A centaur (D:5)
  Blork the orc (D:5)
  A necrophage (D:3)
  3 scorpions (D:4)
  A hound (D:4)
  A gnoll bouda (D:3)
  An iguana (D:5)
  2 orc wizards (D:4)
  6 gnolls
  2 adders (D:3)
  A shadow imp (D:4)
  A dart slug (D:2)
  8 orcs
  3 endoplasms (D:1)
  2 giant cockroaches (D:2)
  4 goblins
  11 hobgoblins
  13 jackals
  7 kobolds
  5 quokkas
  7 ball pythons
  6 bats
  4 frilled lizards
  3 rats
94 creatures vanquished.

Notes
Turn   | Place    | Note
-------+----------+-------------------------------------------
     0 | D:1      | Maxmaps the Ogre Monk began the quest for the Orb.
     0 | D:1      | Reached XP level 1. HP: 24/24 MP: 1/1
   245 | D:1      | Reached XP level 2. HP: 29/32 MP: 2/2
   907 | D:2      | Reached XP level 3. HP: 38/39 MP: 3/3
   986 | D:2      | Found Xaobafic's Armour Shoppe.
  1271 | D:2      | Found a glowing silver altar of Zin.
  1331 | D:2      | Found Kocoq's Book Boutique.
  1455 | D:2      | Found Xaunen's Jewellery Shop.
  1525 | D:2      | Found Xahuos's Assorted Antiques.
  1837 | D:2      | Found Teeru's Distillery.
  1845 | D:2      | Bought a potion of curing for 39 gold pieces
  1874 | D:2      | Reached XP level 4. HP: 48/48 MP: 4/4
  1995 | D:2      | Found a faded altar of an unknown god.
  2044 | D:3      | Reached skill level 1 in Shields
  2274 | D:3      | Noticed a necrophage
  2283 | D:3      | Killed a necrophage
  2284 | D:3      | Reached skill level 2 in Shields
  2284 | D:3      | Reached XP level 5. HP: 48/54 MP: 5/5
  2316 | D:3      | Reached skill level 3 in Shields
  2831 | D:3      | Gained mutation: You are vulnerable to heat. (rF-) [potion
                  | of mutation]
  2832 | D:3      | Lost mutation: You are vulnerable to heat. (rF-) [potion of
                  | mutation]
  2832 | D:3      | Gained mutation: You have hidden genetic defects. [potion
                  | of mutation]
  2832 | D:3      | Gained mutation: You have supernaturally acute eyesight.
                  | (SInv) [potion of mutation]
  2850 | D:3      | Gained mutation: Potions are less effective at restoring
                  | your health. [hidden defects]
  2860 | D:3      | Reached skill level 4 in Shields
  3000 | D:3      | Found a glowing golden altar of the Shining One.
  3012 | D:3      | Became a worshipper of the Shining One
  3012 | D:3      | Reached * piety under the Shining One
  3012 | D:3      | Reached ** piety under the Shining One
  3114 | D:4      | Gained mutation: You have terrible hidden genetic defects.
                  | [hidden defects]
  3114 | D:4      | Lost mutation: You have terrible hidden genetic defects.
                  | [hidden defects expressed]
  3121 | D:4      | Reached XP level 6. HP: 52/62 MP: 6/6
  3129 | D:4      | Gained mutation: Your body sometimes deteriorates upon
                  | taking damage. [hidden defects]
  3176 | D:4      | Gained mutation: Your magical capacity is low. (-10% MP)
                  | [hidden defects]
  3176 | D:4      | Lost mutation: You have hidden genetic defects. [hidden
                  | defects expressed]
  3564 | D:4      | Reached skill level 5 in Shields
  3921 | D:4      | You fall into a shaft and drop 1 floor!
  3921 | D:5      | Entered Level 5 of the Dungeon
  3923 | D:5      | Noticed Blork the orc
  3931 | D:5      | Killed Blork the orc
  3932 | D:5      | Reached skill level 6 in Shields
  3932 | D:5      | Reached XP level 7. HP: 48/70 MP: 6/6
  4741 | D:5      | Reached skill level 5 in Maces & Flails
  4760 | D:5      | HP: 2/70 [gnoll/+0 spear[a gnoll bouda] (6)]
  4760 | D:5      | The Shining One protects you from harm!
  4762 | D:5      | Mangled by a gnoll

Illustrated notes

Levels and vault maps discovered:
D:1:      scummos_arrival_hexagon, layout_loops_corners
D:2:      layout_basic, basic_altar, shapermc_ecumenical_altar_hornbeckon,
          serial_shops, shop, shop_statue, shop, nicolae_shop_waterfront,
          nicolae_shop_trees
D:3:      layout_basic, nicolae_tso_swordbearing_angel
D:4:      layout_layer_cave
D:5:      layout_rooms, mainiacjoe_overflow_brackets, uniq_blork_the_orc

Skill      XL: |  1  2  3  4  5  6  7 |
---------------+----------------------+-----
Maces & Flails | 3 4 5 |  5.4
Shields        | 2 4 6 |  6.1
Fighting       | |  4.0
Dodging        | |  2.6
Stealth        | |  1.4

Action                   |  1- 3 |  4- 6 |  7- 9 || total
-------------------------+-------+-------+-------++-------
Melee: Mace              |   172 |   155 |       ||   327
       Flail             |       |    25 |    39 ||    64
Evoke: Wand              |       |     2 |       ||     2
  Use: Potion            |       |     5 |     4 ||     9
       Scroll            |       |       |     5 ||     5
 Stab: Sleeping          |     2 |       |       ||     2
Armor: Robe              |    66 |    59 |    26 ||   151
Dodge: Dodged            |   118 |    72 |    47 ||   237
Block: Kite shield       |     3 |    80 |    35 ||   118

Table legend: (Time is in decaauts)
 A = Elapsed time spent in this place.
 B = Non-inter-level travel time spent in this place.
 C = Inter-level travel time spent in this place.
 D = Time resting spent in this place.
 E = Time spent auto-exploring this place.
 F = Levels seen in this place.
 G = Mean time per level.
                   A        B        C        D        E       F      G
               +--------+--------+--------+--------+--------+-----+--------+
         Total |   4875 |   4723 |    152 |    553 |   3272 |   5 |  975.0 |
       Dungeon |   4875 |   4723 |    152 |    553 |   3272 |   5 |  975.0 |
               +--------+--------+--------+--------+--------+-----+--------+

Top non-repeatable levels by time:
     D:4: 1562 daAuts
     D:2: 1154 daAuts
     D:3: 1142 daAuts
     D:1: 919 daAuts
     D:5: 96 daAuts
